 Dungeon Crawl Stone Soup version 0.21-a0-201-g8501b10 (webtiles) character file.

7 Goblin1989 the Sneak (level 1, -1/17 HPs)
             Began as a Demonspawn Assassin on Aug 17, 2017.
             Slain by Natasha (3 damage)
             ... on level 2 of the Dungeon.
             The game lasted 00:01:57 (730 turns).

Goblin1989 the Sneak (Demonspawn Assassin)           Turns: 730, Time: 00:01:58

Health: -1/17      AC:  4    Str: 11    XL:     1   Next: 91%
Magic:  1/1        EV: 11    Int: 12    God:
Gold:   38         SH:  0    Dex: 14    Spells: 0/0 levels left

rFire    . . .     SeeInvis .   a - +2 dagger
rCold    . . .     Gourm    .   (no shield)
rNeg     . . .     Faith    .   c - +0 robe
rPois    .         Spirit   .   z - +0 helmet
rElec    .         Reflect  .   d - +0 cloak
rCorr    .         Harm     .   (no gloves)
MR       .....                  (no boots)
Stlth    ++........             (no amulet)
HPRegen  0.05/turn              (no ring)
MPRegen  0.07/turn              (no ring)

@: no status effects
A: no striking features
a: no special abilities


You were on level 2 of the Dungeon.
You were not hungry.

You visited 1 branch of the dungeon, and saw 2 of its levels.

You collected 38 gold pieces.

Inventory:

Hand Weapons
 a - a +2 dagger (weapon)
 w - a +0 blowgun {@w1}
Missiles
 f - 2 curare-tipped needles
 g - 20 poisoned needles
Armour
 c - a +0 robe (worn)
 d - a +0 cloak (worn)
 z - a +0 helmet (worn)
Scrolls
 y - a scroll of remove curse {unknown}
Potions
 t - a potion of curing {unknown}
Comestibles
 e - a bread ration {@e1}
 u - a royal jelly
 v - a meat ration {@e2}
 x - 5 fruits


   Skills:
 + Level 2.7 Fighting
 - Level 1.7 Short Blades
 - Level 1.7 Throwing
 - Level 0.8 Dodging
 - Level 3.6 Stealth


You couldn't memorise any spells.
You didn't know any spells.

Dungeon Overview and Level Annotations

Branches:
Dungeon (2/15)

Altars:

Annotations:
D:2 Natasha


Message History

No target in view!
No target in view!
No target in view!
No target in view!
No target in view!
No target in view!
No target in view!
No target in view!
No target in view!
No target in view!
No target in view!
No target in view!
No target in view!
No target in view!
No target in view!
No target in view!
No target in view!
The bat is too close now for your liking.
The bat barely misses you.
You miss the bat. The bat hits you but does no damage.
The bat barely misses you. The bat completely misses you.
The bat closely misses you.
You barely miss the bat. The bat misses you. The bat barely misses you.
The bat hits you but does no damage. The bat closely misses you.
You hit the bat.
The bat is severely wounded.
The bat closely misses you.
No target in view!
No target in view!
No target in view!
No target in view!
No target in view!
No target in view!
No target in view!
No target in view!
No target in view!
No target in view!
No target in view!
No target in view!
No target in view!
No target in view!
No target in view!
No target in view!
The bat completely misses you.
The bat is too close now for your liking.
You hit the bat.
You kill the bat!
No target in view!
No target in view!
No target in view!
No target in view!
No target in view!
No target in view!
No target in view!
No target in view!
No target in view!
No target in view!
No target in view!
No target in view!
No target in view!
There is a stone staircase leading down here.
Done exploring.
(D) Dungeon
Where to? (? - help)
There is a stone staircase leading down here.
You climb downwards.
There is a stone staircase leading up here.
z - a helmet Wear which item? (? for menu, Esc to quit)
You start putting on your armour.
You continue putting on your helmet. x4
You finish putting on your +0 helmet.
Unknown command.
Marking area around Natasha as unsafe for travelling.
Natasha, Servant of Life and Death comes into view.
Natasha hisses angrily.
Found an escape hatch in the floor.
Number of times to repeat, then command key: Unknown command, not repeating.
Unknown command.
Unknown command.
Natasha casts a spell at you. The magic dart hits you!
Ouch! That really hurt!
You take 9 damage, and have 8/17 hp.
MASSIVE DAMAGE!!
Natasha drinks a potion.
Natasha seems to speed up.
There is a stone staircase leading up here.
You barely miss Natasha. Natasha barely misses you. Natasha claws you!
* * * LOW HITPOINT WARNING * * *
You take 7 damage, and have 2/17 hp.
MASSIVE DAMAGE!!
Unknown command.
You hit Natasha.
Natasha is lightly wounded.
Natasha misses you.
You barely miss Natasha.
Natasha is lightly wounded.
Natasha mumbles some strange words.
You feel troubled. Natasha claws you.
You die... █.█ █.█ █████████h█

..........█
████████..████████
█........^.
██.████████
█.██████████.█
█....@h......█


██████████████ You could see Natasha.

Vanquished Creatures
  A dart slug (D:1)
  2 hobgoblins (D:1)
  2 bats (D:1)
  A rat (D:1)
6 creatures vanquished.

Notes
Turn   | Place    | Note
-------+----------+-------------------------------------------
     0 | D:1      | Goblin1989 the Demonspawn Assassin began the quest for the Orb.
     0 | D:1      | Reached XP level 1. HP: 16/16 MP: 1/1
   715 | D:2      | Noticed Natasha
   730 | D:2      | Slain by Natasha

Vault maps used:
D:1:      nzn_arrival_crosshair
D:2:      overflow_temple_1_default, uniq_natasha, uniq_robin

Action                   || total
-------------------------++-------
Melee: Dagger            ||    19
 Stab: Sleeping          ||     2
Armor: Robe              ||     3
Dodge: Dodged            ||    15

Vault maps used:
D:1:      nzn_arrival_crosshair
D:2:      overflow_temple_1_default, uniq_natasha, uniq_robin
